 Dungeon Crawl Stone Soup version 0.28.0-45-g0d030f2227 (webtiles) character file.

Game seed: 13459775259355540635

77 Revguard the Vexing (level 4, -4/24 HPs)
             Began as a Deep Elf Enchanter on Apr 11, 2022.
             Slain by a gnoll
             ... wielding a +0 flail
              (10 damage)
             ... on level 2 of the Dungeon.
             The game lasted 00:09:44 (2479 turns).

Revguard the Vexing (Deep Elf Enchanter)            Turns: 2479, Time: 00:09:44

Health: -4/24      AC:  2    Str:  5    XL:     4   Next: 13%
Magic:  5/11       EV: 13    Int: 20    God:
Gold:   80         SH:  0    Dex: 17    Spells: 2/10 levels left

rFire   . . .      SeeInvis .   i - +1 short sword (venom)
rCold   . . .      Faith    .   (no shield)
rNeg    . . .      Spirit   .   b - +0 robe
rPois   .          Reflect  .   (no helmet)
rElec   .          Harm     .   (no cloak)
rCorr   .          Rampage  .   (no gloves)
Will    .....                   (no boots)
Stlth   +++.......              (no amulet)
HPRegen 0.08/turn               (no ring)
MPRegen 0.12/turn               (no ring)

@: invisible
A: no striking features
a: no special abilities


You were on level 2 of the Dungeon.
You visited 1 branch of the dungeon, and saw 2 of its levels.

You collected 80 gold pieces.

Inventory:

Hand Weapons
 a - a +1 dagger
 e - a +2 dagger of holy wrath
 i - a +1 short sword of venom (weapon)
Armour
 b - a +0 robe (worn)
Scrolls
 d - a scroll of torment {unknown}
 f - a scroll of teleportation
 g - a scroll of fear
Potions
 h - a potion of brilliance {unknown}
 j - a potion of haste {unknown}
 k - a potion of heal wounds {unknown}


   Skills:
 + Level 1.7 Short Blades
 + Level 3.1 Dodging
 + Level 4.2 Stealth
 + Level 3.7 Spellcasting
 + Level 4.7 Hexes
 + Level 1.1 Ice Magic


You had 2 spell levels left.
You knew the following spells:

 Your Spells              Type           Power      Damage    Failure   Level
a - Ensorcelled Hibernat  Hex/Ice        30%        N/A       6%          2
b - Confusing Touch       Hex            22%        N/A       6%          3
c - Tukima's Dance        Hex            22%        N/A       6%          3

Your spell library contained the following spells:

 Spells                   Type           Power      Damage    Failure   Level
 Dazzling Flash           Conj/Hex       26%        N/A       16%         3


Dungeon Overview and Level Annotations

Branches:
Dungeon (2/15)

Altars:


Message History

Your +0 spear is caught in the net!
Your +0 spear struggles against the net.
The gnoll hits your +0 spear with a +0 flail.
Your +0 spear falls from the air.
The gnoll hits you with a +0 flail.
Things that are here:
a +0 spear; a throwing net
Aiming: Ensorcelled Hibernation (safe; 7% risk of failure)
Press: ? - help, Q - select action Shift-Dir - straight line, f/p - gnoll
Aim: a gnoll (severely wounded, chance to affect: 56%)
The gnoll looks drowsy...
The helpless gnoll fails to defend itself.
You puncture the gnoll!
You kill the gnoll!
The gnoll barely misses you.
Aiming: Ensorcelled Hibernation (safe; 7% risk of failure)
Press: ? - help, Q - select action Shift-Dir - straight line, f/p - gnoll
Aim: a gnoll (severely wounded, chance to affect: 56%)
The gnoll resists with significant effort.
The gnoll hits you.
You barely miss the gnoll.
The gnoll is severely wounded.
The gnoll hits you.
You barely miss the gnoll.
The gnoll is severely wounded.
The gnoll hits you.
* * * LOW HITPOINT WARNING * * *
You fade into invisibility!
The gnoll hits you.
* * * LOW HITPOINT WARNING * * *
You hit the gnoll.
The gnoll is severely wounded.
The gnoll hits you but does no damage.
You hit the gnoll but do no damage.
The gnoll is poisoned.
The gnoll is severely wounded.
You kill the gnoll!
You have reached level 4!
You feel clever. The gnoll hits you with a +0 flail!
You die...

########## #........#
#.######.# #.# #.#
##..#####.#### #.#
......)g@....# #.#
.....####.##.###.####
... #.#.........# #
#.#..###.##.#
#........##.#
###..######.# ##+##
#.....# #.# ##[..##
#.###.# #.# ##
##.....## #.###.###.#


You could see a gnoll.

Vanquished Creatures
  2 gnolls (D:2)
  An adder (D:2)
  A worm (D:2)
  A dart slug (D:1)
  8 endoplasms
  A giant cockroach (D:1)
  3 goblins
  3 hobgoblins
  5 ball pythons
  5 bats
  4 frilled lizards
  5 kobolds
  3 rats (D:2)
42 creatures vanquished.

Vanquished Creatures (others)
  A dancing weapon (D:2)
1 creature vanquished.

Grand Total: 43 creatures vanquished

Notes
Turn   | Place    | Note
-------+----------+-------------------------------------------
     0 | D:1      | Revguard the Deep Elf Enchanter began the quest for the
                  | Orb.
     0 | D:1      | Reached XP level 1. HP: 10/10 MP: 6/6
   269 | D:1      | Reached XP level 2. HP: 13/15 MP: 8/8
   272 | D:1      | Learned a level 2 spell: Ensorcelled Hibernation
  1254 | D:2      | Reached XP level 3. HP: 19/19 MP: 6/9
  1258 | D:2      | Learned a level 3 spell: Confusing Touch
  2002 | D:2      | Learned a level 3 spell: Tukima's Dance
  2137 | D:2      | Reached skill level 1 in Ice Magic
  2479 | D:2      | Reached XP level 4. HP: 6/24 MP: 5/11
  2479 | D:2      | Slain by a gnoll

Illustrated notes

Levels and vault maps discovered:
D:1:      dpeg_arrival_pits, layout_basic, amcnicky_mini_rare_corridor_liquid
D:2:      layout_loops_corners, grunt_ministairs_11

Skill      XL: |  1  2  3 |
---------------+----------+-----
Stealth        | 4 |  4.2
Dodging        | 3 |  3.1
Ice Magic      | 1 |  1.1
Short Blades   | |  1.7
Spellcasting   | |  3.7
Hexes          | |  4.7

Action                   |  1- 3 |  4- 6 || total
-------------------------+-------+-------++-------
Melee: Dagger            |    58 |       ||    58
       Short sword       |    17 |       ||    17
 Cast: Ensorcelled Hiber |    28 |       ||    28
       Tukima's Dance    |     1 |       ||     1
       Confusing Touch   |     1 |       ||     1
  Use: Scroll            |     4 |       ||     4
       Potion            |     1 |       ||     1
 Stab: Sleeping          |    34 |       ||    34
Armor: Robe              |    15 |       ||    15
Dodge: Dodged            |    54 |       ||    54
